 Dungeon Crawl Stone Soup version 0.23.2-40-g277498a001 (webtiles) character file.

Game seed: 3162406744624238355

18897 H0rd4k the Carver (level 13, -7/98 HPs)
             Began as a Human Artificer on Sept 6, 2019.
             Was an Initiate of Gozag.
             Mangled by a spiny frog (18 damage)
             ... on level 6 of the Lair of Beasts on Sept 9, 2019.
             The game lasted 00:53:12 (19985 turns).

H0rd4k the Carver (Human Artificer)                Turns: 19985, Time: 00:53:13

Health: -7/98      AC: 10    Str: 20    XL:     13   Next: 0%
Magic:  17/17      EV: 16    Int: 17    God:    Gozag
Gold:   1198       SH:  0    Dex: 14    Spells: 12/12 levels left

rFire    + . .     SeeInvis +   y - +10 triple sword "Hilupong" {slice, *Noise rElec rC+ rN+}
rCold    + + +     Gourm    .   (shield currently unavailable)
rNeg     + . .     Faith    .   P - +3 leather armour {rPois}
rPois    +         Spirit   .   v - +2 hat {MR+}
rElec    +         Reflect  .   U - scarf {rC+ rF+}
rCorr    +         Harm     .   (no gloves)
MR       ++...                  o - +0 pair of boots of Leaves {+Fly rC++ rCorr Str+3}
Stlth    ++++......             W - amulet "Viryamp" {+Rage Int+5 Dex-4 SInv}
HPRegen  0.26/turn              V - ring "Semi Ylo" {+Fly Dex+4 Stlth+}
MPRegen  0.15/turn              R - ring of protection from magic

@: lethally poisoned (-7 -> -21)
A: no striking features
a: Potion Petition, Call Merchant, Bribe Branch, Renounce Religion, Evoke
Berserk Rage, Evoke Flight


You were on level 6 of the Lair of Beasts.
You worshipped Gozag.
Gozag was most pleased with you.
You were not hungry.

You visited 3 branches of the dungeon, and saw 18 of its levels.
You also visited: Sewer and Ossuary.

You collected 2437 gold pieces.
You spent 1066 gold pieces at shops.
You paid 173 gold pieces to Gozag.

Inventory:

Hand Weapons
 y - the +10 triple sword "Hilupong" (weapon) {slice, *Noise rElec rC+ rN+}
   (You acquired it on level 2 of the Lair of Beasts)

   It inflicts extra damage upon your enemies.
   It protects you from cold.
   It insulates you from electricity.
   It protects you from negative energy.
   It may make noises in combat.
 A - a +0 blowgun
 D - a +3 long sword of holy wrath
 F - a +2 dagger of venom
Missiles
 s - 4 needles of confusion
 x - 119 poisoned needles
 Q - 7 javelins of penetration (quivered)
 Z - 7 silver tomahawks
Armour
 o - the +0 pair of boots of Leaves (worn) {+Fly rC++ rCorr Str+3}
   (You acquired it on level 3 of the Lair of Beasts)

   It affects your strength (+3).
   It greatly protects you from cold.
   It lets you fly.
   It provides partial protection from all sources of acid and corrosion.
 v - a +2 hat of magic resistance (worn)
 P - a +3 leather armour of poison resistance (worn)
 U - a scarf of resistance (worn)
Jewellery
 b - an uncursed ring of protection from cold
 l - an uncursed ring of poison resistance
 t - a +5 ring of intelligence
 L - an uncursed ring of wizardry
 R - a ring of protection from magic (right hand)
 V - the ring "Semi Ylo" (left hand) {+Fly Dex+4 Stlth+}
   (You bought it in a shop on level 6 of the Dungeon)

   [ring of dexterity]

   It affects your dexterity (+4).
   It lets you fly.
   It makes you more stealthy.
 W - the amulet "Viryamp" (around neck) {+Rage Int+5 Dex-4 SInv}
   (You bought it in a shop on level 4 of the Dungeon)

   [amulet of rage]

   It affects your intelligence (+5).
   It affects your dexterity (-4).
   It lets you see invisible.
   It lets you go berserk.
Wands
 c - a wand of flame (27)
 d - a wand of enslavement (11)
 e - a wand of random effects (49)
 j - a wand of digging (12)
 H - a wand of polymorph (15)
 K - a wand of iceblast (3)
 T - a wand of paralysis (18)
Scrolls
 i - 6 scrolls of teleportation
 k - a scroll of enchant armour
 n - 3 scrolls of fear
 r - 2 scrolls of fog
 C - 15 scrolls of remove curse
 M - a scroll of enchant weapon
 Y - 2 scrolls of identify
Potions
 g - a potion of agility
 h - a potion of might
 m - 3 potions of haste
 p - a potion of ambrosia
 q - 7 potions of curing
 u - 7 potions of flight
 w - 4 potions of invisibility
 z - 2 potions of resistance
 B - a potion of magic
 E - 4 potions of brilliance
 I - a potion of cancellation
 J - 5 potions of heal wounds
Miscellaneous
 a - a phial of floods
 G - a lamp of fire
Comestibles
 f - 18 rations


   Skills:
 + Level 7.9 Fighting
 + Level 6.5(10.4) Short Blades
 + Level 12.4(13.0) Long Blades
 + Level 3.0 Throwing
 + Level 5.8 Armour
 + Level 7.2 Dodging
 + Level 6.8 Stealth
 + Level 5.8 Evocations


You had 12 spell levels left.
You didn't know any spells.
Your spell library contained the following spells:

 Spells                   Type           Power        Failure   Level  Hunger
 Animate Skeleton         Necr           N/A          26%         1    ##.....
 Apportation              Tloc           #.....       26%         1    ##.....
 Confusing Touch          Hex            #.....       26%         1    ##.....
 Summon Small Mammal      Summ           #...         26%         1    ##.....


Dungeon Overview and Level Annotations

Branches:
Dungeon (11/15)            Temple (1/1) D:6            Lair (6/6) D:9
  Snake (0/4) Lair:3          Orc (0/2) D:10
  Swamp: Lair:2-4    Shoals: Lair:2-4     Slime: Lair:5-6

Altars:
Ashenzari
Cheibriados
Dithmenos
Elyvilon
Fedhas
Gozag
Hepliaklqana
Kikubaaqudgha
Makhleb
Nemelex Xobeh
Okawaru
Qazlal
Ru
Sif Muna
Trog
Uskayaw
Vehumet
Wu Jian
Xom
Yredelemnul
Zin
The Shining One
Beogh

Shops:
D:4 =   D:6 =

Annotations:
D:5 exclusion: upstairs
D:8 exclusion: 2 downstairs
D:9 exclusion: downstairs
D:10 4 runed translucent doors, exclusion: gargoyle
Lair:2 exclusions: downstairs and 3 oklob plants
Lair:3 Sonja
Lair:4 exclusion: upstairs
Lair:5 exclusion: upstairs


Message History

The blink frog blinks!
The blink frog becomes distracted by the nearby gold, dreaming of imaginary riches.
The spiny frog becomes distracted by the nearby gold, dreaming of imaginary riches.
Unknown command.
The blink frog is no longer distracted by gold.
The blink frog blinks!
The spiny frog is no longer distracted by gold.
You closely miss the blink frog. The blink frog barely misses you.
You riposte.
You miss the blink frog. The blink frog hits you.
The blink frog blinks!
The spiny frog stings you!!
* * * LOW HITPOINT WARNING * * *
You are lethally poisoned!
The spiny frog poisons you!
You hit the spiny frog but do no damage.
* * * LOW HITPOINT WARNING * * *
You feel very sick. The blink frog misses you.
You riposte.
You closely miss the blink frog. The spiny frog stings you!!
You die...
Your body crumbles into a pile of gold.

... ..P .... ### ....
#######P#######...#
##.$#....P#..#...###
#.F@F.............≈≈
#..P##P.#$.$...<.≈..≈
#..#######.##.....≈≈≈
#.# #####.y..≈≈F ##
##H..≈≈≈ #..≈≈≈≈
...P≈≈≈ ..P≈≈≈≈
#..≈≈≈≈


You could see a spiny frog and a blink frog.

Vanquished Creatures
  Gastronok (Lair:1)
  Snorg (Lair:4)
  A hydra (Lair:1)
  3 death yaks
  A manticore (D:11)
  A black mamba (Lair:2)
  An elephant (Lair:4)
  4 spiny frogs
  5 blink frogs
  4 hippogriffs
  2 wyverns (Lair:4)
  A vampire (D:10)
  7 yaks
  A basilisk (Lair:2)
  3 ogres
  A hungry ghost (D:10)
  A vampire mosquito (Lair:6)
  7 water moccasins
  10 porcupines
  6 orc warriors
  A sky beast (D:11)
  A black bear (D:9)
  4 ice beasts
  6 wolves
  8 centaurs
  8 crocodiles
  4 big kobolds
  15 bullfrogs
  2 scorpions
  3 wights (D:8)
  2 howler monkeys
  An electric eel (Lair:5)
  2 centaur zombies
  A crimson imp (D:7)
  6 jellies
  9 hounds
  12 orc priests
  9 orc wizards
  A bullfrog skeleton (D:10)
  Ijyb (D:4)
  Terence (D:2)
  5 hell rats (Lair:3)
  8 worker ants
  3 big kobold zombies (Ossuary)
  A hound skeleton (D:4)
  A worker ant zombie (D:8)
  3 mummies
  Robin (D:4)
  3 gnolls (D:10)
  A river rat (Sewer)
  9 adders
  8 adder zombies (Ossuary)
  5 oozes (D:9)
  An adder skeleton (D:4)
  6 worms
  3 dart slugs
  5 leopard geckos
  71 orcs
  A ball python (D:3)
  3 giant cockroaches
  A gnoll zombie (Ossuary)
  17 goblins
  5 hobgoblins
  9 jackals
  5 quokkas
  10 bats
  6 frilled lizards
  A giant cockroach zombie (D:5)
  2 hobgoblin zombies (Ossuary)
  28 kobolds
  6 kobold zombies (Ossuary)
  5 orc zombies (Ossuary)
  2 quokka skeletons (D:7)
  9 rats
  A butterfly (Lair:5)
403 creatures vanquished.

Vanquished Creatures (collateral kills)
  A hungry ghost (D:11)
  An orc warrior (D:9)
2 creatures vanquished.

Vanquished Creatures (others)
  An iguana (D:5)
  An orc zombie (Ossuary)
  A bush (Lair:3)
  A fungus (Lair:2)
  11 plants
15 creatures vanquished.

Grand Total: 420 creatures vanquished

Notes
Turn   | Place    | Note
-------+----------+-------------------------------------------
     0 | D:1      | H0rd4k the Human Artificer began the quest for the Orb.
     0 | D:1      | Reached XP level 1. HP: 15/15 MP: 3/3
   112 | D:1      | Reached XP level 2. HP: 19/21 MP: 4/4
   549 | D:2      | Noticed Terence
   569 | D:2      | Killed Terence
   569 | D:2      | Reached XP level 3. HP: 11/26 MP: 5/5
   853 | D:2      | Reached XP level 4. HP: 27/32 MP: 6/6
   991 | D:2      | Found a white marble altar of Elyvilon.
  1096 | D:2      | Found an iron altar of Okawaru.
  1303 | D:2      | Found a radiant altar of Vehumet.
  2196 | D:3      | Reached XP level 5. HP: 28/37 MP: 8/8
  2474 | D:3      | Reached skill level 1 in Armour
  2596 | D:4      | Found an ornate altar of the Wu Jian Council.
  2596 | D:4      | Noticed Robin
  2598 | D:4      | Killed Robin
  2652 | D:4      | Found Vori's Jewellery Shop.
  2676 | D:4      | Reached skill level 1 in Throwing
  2891 | D:4      | Found a glowing drain.
  2912 | Sewer    | Entered a sewer
  3160 | Sewer    | Reached XP level 6. HP: 43/43 MP: 9/9
  3352 | Sewer    | Found a white marble altar of Elyvilon.
  3650 | D:4      | Found a stormy altar of Qazlal.
  3691 | D:4      | Reached XP level 7. HP: 50/50 MP: 10/10
  3750 | D:4      | Noticed Ijyb
  3767 | D:4      | Killed Ijyb
  3943 | D:4      | Found a shadowy altar of Dithmenos.
  4255 | D:5      | Entered Level 5 of the Dungeon
  5370 | D:6      | Reached XP level 8. HP: 20/56 MP: 11/11
  5525 | D:6      | Found a staircase to the Ecumenical Temple.
  5560 | D:6      | Found Byula's Jewellery Emporium.
  5759 | D:6      | Found a sand-covered staircase.
  5776 | Ossuary  | Entered an ossuary
  6594 | Temple   | Entered the Ecumenical Temple
  6895 | D:7      | Reached skill level 5 in Short Blades
  6954 | D:7      | Found a stormy altar of Qazlal.
  6954 | D:7      | Found a snail-covered altar of Cheibriados.
  7499 | D:7      | Reached XP level 9. HP: 22/64 MP: 12/12
  8172 | D:8      | Reached skill level 5 in Dodging
  8394 | D:8      | Reached skill level 1 in Long Blades
  8805 | D:9      | Found an ancient bone altar of Kikubaaqudgha.
  8805 | D:9      | Noticed a hippogriff
  8810 | D:9      | Killed a hippogriff
  8820 | D:8      | Reached skill level 2 in Long Blades
  9099 | D:9      | Found a roughly hewn altar of Beogh.
  9449 | D:9      | Reached skill level 3 in Long Blades
  9602 | D:9      | Found an opulent altar of Gozag.
  9603 | D:9      | Found a sparkling altar of Nemelex Xobeh.
  9609 | D:9      | Became a worshipper of Gozag Ym Sagoz the Greedy
 10010 | D:9      | Reached skill level 4 in Long Blades
 10010 | D:9      | Reached XP level 10. HP: 73/73 MP: 13/13
 10733 | D:9      | Found a staircase to the Lair.
 10960 | D:9      | Reached skill level 5 in Long Blades
 10962 | D:9      | Reached skill level 5 in Fighting
 11224 | D:10     | Entered Level 10 of the Dungeon
 11224 | D:10     | Noticed a gargoyle
 11366 | D:10     | Reached skill level 6 in Long Blades
 11390 | D:10     | Found a runed translucent door.
 11408 | D:10     | Found a roughly hewn altar of Beogh.
 11792 | D:10     | Found a runed translucent door.
 11805 | D:10     | Found a runed translucent door.
 11816 | D:10     | Found a runed translucent door.
 11852 | D:10     | Found a staircase to the Orcish Mines.
 12490 | D:10     | Reached skill level 7 in Long Blades
 12751 | D:6      | Bought the ring "Semi Ylo" {+Fly Dex+4 Stlth+} for 427 gold
                  | pieces
 12900 | D:4      | Bought the amulet "Viryamp" {+Rage Int+5 Dex-4 SInv} for
                  | 639 gold pieces
 13507 | D:11     | Reached skill level 5 in Armour
 13600 | D:11     | Reached skill level 5 in Stealth
 13613 | D:11     | Noticed a manticore
 13786 | D:11     | Killed a manticore
 13786 | D:11     | Reached XP level 11. HP: 61/81 MP: 14/14
 13786 | D:11     | Noticed a green ugly thing
 13826 | D:11     | Reached skill level 8 in Long Blades
 14224 | Lair:1   | Entered Level 1 of the Lair of Beasts
 14246 | Lair:1   | Noticed Gastronok
 14333 | Lair:1   | Noticed an eight-headed hydra
 14536 | Lair:1   | Killed Gastronok
 14536 | Lair:1   | Reached skill level 9 in Long Blades
 14536 | Lair:1   | Reached skill level 5 in Evocations
 15072 | Lair:2   | Identified a scroll of acquirement
 15073 | Lair:2   | Got an ancient triple sword
 15074 | Lair:2   | Identified the +10 triple sword "Hilupong" {slice, *Noise
                  | rElec rC+ rN+} (You acquired it on level 2 of the Lair of
                  | Beasts)
 15503 | Lair:2   | Noticed an oklob plant
 15504 | Lair:2   | Noticed an oklob plant
 15504 | Lair:2   | Noticed an oklob plant
 15776 | Lair:2   | Noticed a fire dragon
 16131 | Lair:3   | Found a staircase to the Snake Pit.
 16555 | Lair:3   | Noticed a death yak
 16556 | Lair:3   | Noticed a death yak
 16556 | Lair:3   | Noticed a death yak
 16562 | Lair:3   | Noticed a death yak
 16564 | Lair:3   | Noticed a death yak
 16608 | Lair:1   | Killed a death yak
 16608 | Lair:1   | Reached skill level 10 in Long Blades
 16806 | Lair:1   | Reached XP level 12. HP: 74/89 MP: 16/16
 16884 | Lair:1   | Killed an eight-headed hydra
 18490 | Lair:2   | Killed a death yak
 18490 | Lair:2   | Reached skill level 11 in Long Blades
 18566 | Lair:3   | Got a pair of steaming boots
 18572 | Lair:3   | Identified the +0 pair of boots of Leaves {+Fly rC++ rCorr
                  | Str+3} (You acquired it on level 3 of the Lair of Beasts)
 18617 | Lair:2   | Killed a death yak
 18951 | Lair:3   | Noticed Sonja
 18980 | Lair:4   | Noticed Snorg
 19103 | Lair:4   | Killed Snorg
 19251 | Lair:4   | Reached skill level 12 in Long Blades
 19911 | Lair:5   | Noticed a catoblepas
 19930 | Lair:6   | Entered Level 6 of the Lair of Beasts
 19975 | Lair:6   | Reached XP level 13. HP: 35/98 MP: 17/17
 19985 | Lair:6   | Mangled by a spiny frog

Skill      XL: |  1  2  3  4  5  6  7  8  9 10 11 12 |
---------------+-------------------------------------+-----
Evocations     | 4 5 |  5.8
Short Blades   | 2 3 4 5 6 |  6.5
Armour         | 1 2 3 4 5 |  5.8
Throwing       | 1 2 3 |  3.0
Stealth        | 2 3 4 5 6 |  6.8
Dodging        | 3 4 5 6 7 |  7.2
Fighting       | 2 3 4 5 6 7 |  7.9
Long Blades    | 4 7 10 12 | 12.4

Action                   |  1- 3 |  4- 6 |  7- 9 | 10-12 | 13-15 || total
-------------------------+-------+-------+-------+-------+-------++-------
Melee: Short sword       |    78 |   216 |       |       |       ||   294
       Dagger            |       |    79 |   495 |       |       ||   574
       Long sword        |       |       |   165 |   344 |       ||   509
       Triple sword      |       |       |       |   198 |     2 ||   200
Throw: Javelin           |       |       |       |     9 |       ||     9
       Tomahawk          |       |       |       |    13 |       ||    13
 Abil: Evoke Berserk Rag |       |       |       |     5 |       ||     5
       Stop Flying       |       |       |       |     1 |       ||     1
       Evoke Flight      |       |       |       |     1 |       ||     1
Evoke: Wand              |     2 |     7 |    11 |    25 |       ||    45
  Use: Scroll            |       |    11 |     5 |    19 |       ||    35
       Potion            |       |       |     3 |     3 |       ||     6
 Stab: Sleeping          |     1 |     4 |    13 |    12 |       ||    30
       Distracted        |       |     1 |     2 |     4 |       ||     7
  Eat: Chunk             |       |     9 |    17 |       |       ||    26
       Ration            |       |       |     1 |    12 |       ||    13
Armor: Leather armour    |    19 |   122 |   177 |   132 |       ||   450
Dodge: Dodged            |    53 |   216 |   324 |   407 |     2 ||  1002
       Rpst.: Long sword |       |       |    41 |    71 |       ||   112
       Triple sword      |       |       |       |    45 |     2 ||    47
